Map: Frost LE

Players

Fropez - Winner!

  • Race: Protoss Protoss
  • League: Silver
  • Spawn Location: 1:00

Rob

  • Race: Protoss Protoss
  • League: Silver
  • Spawn Location: 11:00

VOD

Have the link to the VOD?

Description

Time

  • Played on: June 7, 2016, 6:55 p.m.
  • Length: 5:45
Show
View Real Time Build Order
Export as new Build Order

Fropez Protoss - Winner!

Build Orders:  

Get SALT Encoding   

  12  0:01  Probe (Chrono Boost)  
  13  0:18  Pylon  
  13  0:22  Probe (Chrono Boost)  
  14  0:36  Gateway  
  14  0:38  Probe (Chrono Boost)  
  15  0:48  Probe (Chrono Boost)  
  15  0:49  Assimilator  
  16  0:59  Probe (Chrono Boost)  
  16  1:02  Pylon  
  17  1:09  Probe (Chrono Boost)  
  18  1:15  Pylon  
  18  1:20  Probe (Chrono Boost)  
  18  1:21  Pylon  
  19  1:30  Probe (Chrono Boost)  
  20  1:35  Cybernetics Core  
  20  1:41  Probe (Chrono Boost)  
  21  1:47  Assimilator  
  21  1:54  Probe (Chrono Boost)  
  22  2:05  Probe (Chrono Boost)  
  23  2:10  Pylon  
  23  2:11  Warp Gate (Chrono Boost)  
  23  2:16  Probe  
  23  2:20  Gateway  
  24  2:26  Stalker  
  24  2:28  Probe  
  27  2:36  Gateway  
  27  2:40  Probe  
  28  2:52  Probe  
  28  2:55  Stalker  
  31  2:59  Pylon  
  31  3:04  Probe  
  32  3:10  Stalker  
  34  3:16  Probe  
  35  3:22  Stalker  
  35  3:26  Stalker  
  39  3:33  Probe  
  40  3:39  Pylon  
  40  3:45  Probe  
  41  4:13  Stalker x2  
  45  4:33  Stalker  
  47  4:45  Stalker x2  
  47  5:07  Probe  
  47  5:13  Stalker x3  
  54  5:19  Probe  
  51  5:31  Probe  
  50  5:38  Gateway  
  50  5:39  Gateway  
  50  5:40  Pylon  
  51  5:43  Forge  
Show
View Real Time Build Order
Export as new Build Order

Rob Protoss 

Build Orders:  

Get SALT Encoding   

  12  0:01  Probe (Chrono Boost)  
  13  0:11  Probe (Chrono Boost)  
  14  0:20  Pylon  
  14  0:22  Probe (Chrono Boost)  
  15  0:38  Probe (Chrono Boost), Gateway  
  16  0:44  Assimilator  
  16  0:48  Probe (Chrono Boost)  
  17  0:59  Probe (Chrono Boost)  
  18  1:09  Probe (Chrono Boost)  
  19  1:20  Probe (Chrono Boost)  
  20  1:28  Cybernetics Core  
  20  1:38  Probe (Chrono Boost)  
  21  1:48  Nexus  
  23  1:54  Zealot (Chrono Boost)  
  23  2:07  Warp Gate (Chrono Boost)  
  23  2:11  Pylon  
  23  2:23  Pylon  
  23  2:29  Probe  
  24  2:31  Assimilator  
  24  2:36  Stalker (Chrono Boost)  
  26  2:41  Probe  
  27  2:53  Probe  
  28  3:05  Probe  
  29  3:07  Gateway  
  29  3:08  Gateway  
  29  3:10  Probe  
  30  3:20  Probe  
  30  3:24  Robotics Facility  
  31  3:31  Probe  
  32  3:36  Stalker (Chrono Boost)  
  34  3:41  Probe  
  35  3:52  Probe  
  36  4:03  Probe  
  35  4:14  Probe  
  35  4:15  Immortal (Chrono Boost)  
  36  4:18  Pylon  
  36  4:20  Pylon  
  38  4:27  Probe (Chrono Boost)  
  37  4:33  Mothership Core (Chrono Boost)  
  39  4:38  Stalker  
  39  4:40  Probe (Chrono Boost)  
  41  4:47  Stalker  
  41  4:52  Probe (Chrono Boost)  
  44  5:03  Stalker  
  44  5:04  Probe (Chrono Boost)  
  41  5:08  Zealot  
  43  5:19  Stalker  
  43  5:28  Stalker  
  33  5:37  Stalker  
Tags
 
Matchup
PvP
Replay Pack
All Mines
Spawn Locations
Close Positions
Add a new tag
Caveats
  • Supply blocks, unpowered buildings, or Contaminate may cause inaccurate times.
  • Supply counts are checked every 10 seconds.